 Dungeon Crawl Stone Soup version 0.29-a0-789-g7a8fcbc185 (webtiles) character file.

Game seed: 11101090796961265585

106885 elite277 the Thaumaturge (level 17, -3/122 HPs)
             Began as a Human Conjurer on July 1, 2022.
             Was a High Priest of Sif Muna.
             Drowned by a quicksilver ooze (9 damage)
             ... on level 1 of the Pits of Slime on July 2, 2022.
             The game lasted 05:30:10 (37888 turns).

elite277 the Thaumaturge (Human Conjurer)          Turns: 37888, Time: 05:30:10

Health: -3/122     AC: 28    Str: 15    XL:     17   Next: 0%
Magic:  5/34       EV: 14    Int: 23    God:    Sif Muna [*****.]
Gold:   2470       SH:  0    Dex: 16    Spells: 2/43 levels left

rFire   + . .      SeeInvis .   N - +9 halberd (protect)
rCold   . . .      Faith    .   (shield currently unavailable)
rNeg    + . .      Spirit   .   S - +8 scale mail of Trial and Error {rElec Str+4}
rPois   .          Reflect  .   X - +2 helmet
rElec   +          Harm     .   g - +2 cloak {Will+}
rCorr   +          Rampage  .   L - +1 pair of gloves of Good Intentions {rF+}
Will    ++...                   C - +2 pair of boots
Stlth   ..........              z - amulet of magic regeneration
HPRegen 0.30/turn               h - +4 ring of protection
MPRegen 0.64/turn               F - ring "Callin" {rN+ rCorr Dex+6}

@: confused, ambrosia-drunk, engulfed (cannot breathe)
A: clumsy 1, deformed body, devolution 1
a: Renounce Religion, Channel Magic, Forget Spell, Divine Exegesis


You were on level 1 of the Pits of Slime.
You worshipped Sif Muna.
Sif Muna was extremely pleased with you.
You visited 6 branches of the dungeon, and saw 27 of its levels.
You also visited: Bailey.

You collected 3062 gold pieces.
You spent 592 gold pieces at shops.

Inventory:

Hand Weapons
 b - a +5 spear of freezing
 f - a +2 long sword of flaming
 j - a +4 dagger of holy wrath
 l - a +3 dagger of venom
 N - a +9 halberd of protection (weapon)
 U - a +2 quarterstaff of chaos
Missiles
 q - 9 atropa-tipped darts
 v - 26 poisoned darts
Armour
 g - a +2 cloak of willpower (worn)
 o - the +2 robe of Disaster {rC+ Will+}
   (You found it on level 2 of the Dungeon)

   rC:        It protects you from cold.
   Will:      It increases your willpower.
 C - a +2 pair of boots (worn)
 L - the +1 pair of gloves of Good Intentions (worn) {rF+}
   (You found it on level 7 of the Dungeon)

   rF:        It protects you from fire.
 S - the +8 scale mail of Trial and Error (worn) {rElec Str+4}
   (You found it on level 3 of the Lair of Beasts)

   Str:       It affects your strength (+4).
   rElec:     It insulates you from electricity.
 X - a +2 helmet (worn)
Jewellery
 d - a ring of flight
 h - a +4 ring of protection (left hand)
 t - an amulet of reflection
 z - an amulet of magic regeneration (around neck)
 A - a ring of see invisible
 E - a ring of ice
 F - the ring "Callin" (right hand) {rN+ rCorr Dex+6}
   (You found it on level 12 of the Dungeon)

   [ring of dexterity]

   Dex:       It affects your dexterity (+6).
   rN:        It protects you from negative energy.
   rCorr:     It protects you from acid and corrosion.
 W - a +6 ring of dexterity
 Y - a +6 ring of strength
Wands
 i - a wand of quicksilver (4)
 m - a wand of flame (58)
 s - a wand of polymorph (7)
 D - a wand of paralysis (19)
 R - a wand of mindburst (16)
 Z - a wand of iceblast (16)
Scrolls
 a - 2 scrolls of enchant armour
 c - a scroll of enchant weapon
 k - 2 scrolls of amnesia
 p - 10 scrolls of teleportation
 r - 5 scrolls of magic mapping
 w - 2 scrolls of silence
 B - 5 scrolls of fog
 I - 6 scrolls of noise
 T - 12 scrolls of identify
Potions
 e - 6 potions of curing
 n - a potion of brilliance
 u - 8 potions of attraction
 x - 3 potions of lignification
 y - a potion of invisibility
 G - 5 potions of haste
 J - 4 potions of mutation
 M - 5 potions of ambrosia
 Q - 5 potions of flight
Miscellaneous
 P - a lightning rod (2/4)
 V - a lightning rod (2/4)


   Skills:
 + Level 7.8 Fighting
 + Level 5.6(5.7) Short Blades
 + Level 1.5(3.8) Long Blades
 - Level 7.1 Polearms
 + Level 0.2 Throwing
 * Level 5.7 Armour
 + Level 9.6 Dodging
 - Level 2.0 Stealth
 + Level 13.7 Spellcasting
 + Level 13.5 Conjurations
 + Level 9.6 Hexes
 + Level 4.8 Summonings
 + Level 6.5 Translocations
 + Level 3.0 Fire Magic
 + Level 2.1 Ice Magic
 + Level 5.6 Poison Magic
 + Level 3.0 Invocations
 + Level 1.1 Evocations


You had 2 spell levels left.
You knew the following spells:

 Your Spells              Type           Power      Damage    Failure   Level
a - Magic Dart            Conj           100%       1d8       1%          1
b - Searing Ray           Conj           100%       2d8       1%          2
c - Iskenderun's Mystic   Conj/Tloc      58%        2d12      1%          4
d - Fulminant Prism       Conj/Hex       31%        3d16      1%          4
e - Tukima's Dance        Hex            57%        N/A       1%          3
f - Blink                 Tloc           92%        N/A       1%          2
g - Cause Fear            Hex            28%        N/A       2%          4
h - Dazzling Flash        Conj/Hex       100%       N/A       1%          3
i - Sticky Flame          Conj/Fire      52%        2d7       4%          4
j - Olgreb's Toxic Radia  Pois           41%        N/A       13%         4
k - Summon Forest         Summ/Tloc      21%        N/A       34%         5
l - Iskenderun's Battles  Conj           67%        2d12      1%          5

Your spell library contained the following spells:

 Spells                   Type           Power      Damage    Failure   Level
 Foxfire                  Conj/Fire      100%       2x1d9     1%          1
 Sting                    Tmut/Pois      100%       1d8       4%          1
 Scorch                   Fire           58%        2d8       5%          2
 Poisonous Vapours        Pois/Air       56%        N/A       6%          2
 Conjure Flame            Conj/Fire      52%        6-21      1%          3
 Portal Projectile        Hex/Tloc       100%       N/A       1%          3
 Lesser Beckoning         Tloc           46%        N/A       2%          3
 Inner Flame              Hex/Fire       45%        N/A       3%          3
 Flame Wave               Conj/Fire      52%        2d11      4%          4
 Hailstorm                Conj/Ice       51%        3d11      5%          4
 Fireball                 Conj/Fire      26%        3d12      12%         5
 Leda's Liquefaction      Hex/Erth       19%        N/A       19%         4
 Manifold Assault         Tloc           46%        N/A       24%         5
 Summon Ice Beast         Ice/Summ       31%        N/A       30%         4
 Metabolic Englaciation   Hex/Ice        21%        N/A       32%         5
 Yara's Violent Unravell  Hex/Tmut       19%        3d9       45%         5
 Starburst                Conj/Fire      26%        6d8       54%         6
 Ice Form                 Ice/Tmut       20%        N/A       63%         4
 Conjure Ball Lightning   Conj/Air       23%        3x3d6     77%         6
 Petrify                  Tmut/Erth      15%        N/A       78%         4
 Enfeeble                 Hex            28%        N/A       91%         7
 Summon Cactus Giant      Summ           19%        N/A       95%         6
 Spellforged Servitor     Conj/Summ      27%        N/A       95%         7
 Blade Hands              Tmut           7%         N/A       98%         5
 Lee's Rapid Deconstruct  Erth           7%         3d8*      98%         5
 Eringya's Noxious Bog    Tmut/Pois      14%        N/A       99%         6
 Simulacrum               Ice/Necr       10%        N/A       100%        6
 Statue Form              Tmut/Erth      10%        N/A       100%        6
 Haunt                    Necr/Summ      13%        N/A       100%        7
 Summon Hydra             Summ           19%        N/A       100%        7
 Borgnjor's Revivificati  Necr           7%         N/A       100%        8
 Discord                  Hex            28%        N/A       100%        8
 Disjunction              Tloc           23%        N/A       100%        8
 Necromutation            Tmut/Necr      7%         N/A       100%        8
 Death's Door             Necr           7%         N/A       100%        9
 Fire Storm               Conj/Fire      26%        8d7       100%        9


Dungeon Overview and Level Annotations

Branches:
Dungeon (15/15)            Temple (1/1) D:5            Lair (6/6) D:8
 Shoals (0/4) Lair:4        Snake (0/4) Lair:3        Slime (2/5) Lair:6
    Orc (2/2) D:10            Elf (0/3) Orc:2        Vaults (0/5) D:13
 Depths (1/4) D:15         Bailey (visited)

Altars:
Ashenzari
Cheibriados
Dithmenos
Elyvilon
Fedhas
Gozag
Hepliaklqana
Kikubaaqudgha
Makhleb
Nemelex Xobeh
Okawaru
Qazlal
Ru
Sif Muna
Trog
Uskayaw
Vehumet
Wu Jian
Xom
Yredelemnul
Zin
The Shining One
Jiyva

Shops:
D:1 ?   D:2 =   D:3 =   D:14 [(!

Annotations:
Lair:3 2 transporters, Zebulonius's ghost, journeyman MiFi
Orc:2 Saint Roka


Innate Abilities, Weirdness & Mutations

You are clumsy. (Dex -2)
Armour fits poorly on your strangely shaped body.
You have hidden genetic defects.


Message History

* * * LOW HITPOINT WARNING * * *
The quicksilver ooze hits you. The quicksilver ooze hits you!
* * * LOW HITPOINT WARNING * * *
You feel your power leaking away.
You cannot cast spells while unable to breathe!
You cannot read scrolls while unable to breathe!
Okay, then.
You cannot cast spells while unable to breathe!
Press: ? - help, v - describe, . - travel
Here: a quicksilver ooze (moderately wounded)
The floor.
You cannot cast spells while unable to breathe!
Okay, then.
You cannot cast spells while unable to breathe!
Aiming: Thunderbolt
Press: ? - help, Shift-Dir - straight line, f/p - great orb of eyes
Aim: a great orb of eyes (almost dead, poisoned)
Okay, then.
Aiming: Thunderbolt
Press: ? - help, Shift-Dir - straight line, f/p - great orb of eyes
Aim: a great orb of eyes (almost dead, poisoned)
The thunderbolt hits the great orb of eyes!!
You kill the great orb of eyes!
Sif Muna accepts your kill.
* * * LOW HITPOINT WARNING * * *
Your lungs strain for air!
The quicksilver ooze misses you.
The quicksilver ooze hits you but does no damage.
Your lightning rod (2/4) has regained one charge.
You have reached level 17!
Press: ? - help, v - describe, . - travel
Here: a quicksilver ooze (moderately wounded)
The floor.
Okay, then.
Press: ? - help, v - describe, . - travel
Here: a quicksilver ooze (moderately wounded)
The floor.
You are confused.
You feel invigorated.
You die...

#......#..............#.##
#....#.................## ###
..................#.....######.##
........#.#.............#.#.....#
.......###........#..............
......#..#......................#
............#.................###
......#......................##
......#.........@........#....#
.................J..#.^...#..##
..#........................##..
.#..........#...........#.......
..........##...................##
.........#..............##.#..##
...............##........##...###
.....#................#.###...#.#
.#..##...#.............##.##.#...


You could see a quicksilver ooze.

Vanquished Creatures
  3 acid blobs (Slime:1)
  Kirke (Lair:4)
  An azure jelly (Slime:1)
  A quicksilver ooze (Slime:1)
  A dire elephant (Lair:6)
  Snorg (D:10)
  A fire dragon (Lair:6)
  A great orb of eyes (Slime:1)
  2 boulder beetles
  Fannar (D:10)
  Erolcha (Orc:1)
  6 hydras
  4 catoblepae
  2 centaur warriors
  An alligator (D:13)
  4 death yaks
  2 tengu warriors (D:14)
  6 two-headed ogres
  An orc high priest (Orc:2)
  A sun demon (D:9)
  2 sixfirhies (D:9)
  A soul eater (D:9)
  A skeletal warrior (D:12)
  A bog body (Lair:5)
  A swamp dragon (Lair:6)
  3 wizards
  11 ugly things
  4 orc knights
  Pikel (D:7)
  2 orc sorcerers
  3 manticores
  A deep elf pyromancer (D:14)
  4 shining eyes
  4 cyclopes
  5 elephants
  A naga mage (D:15)
  An ice statue (Lair:5)
  A smoke demon (D:9)
  5 black mambas
  A gargoyle (D:13)
  A rust devil (D:9)
  3 orange demons (D:9)
  14 cane toads
  A centaur skeleton (D:15)
  An unseen horror (D:12)
  Maggie (D:7)
  14 komodo dragons
  A torpor snail (Lair:6)
  3 yaktaurs (D:15)
  A kobold demonologist (D:12)
  6 rime drakes
  An ice devil (Lair:5)
  7 polar bears
  10 trolls
  6 meliai
  A wolf spider simulacrum (D:14)
  2 hornets
  A queen bee (Lair:2)
  11 slime creatures
  19 blink frogs
  12 dream sheep
  3 centaur simulacra
  2 shadows (D:12)
  Eustachio (D:5)
  2 wraiths (D:12)
  46 yaks
  2 basilisks
  14 dancing weapons
  A ynoxinul (D:9)
  4 hogs (Lair:4)
  5 wyverns
  7 vampire mosquitoes
  A steam dragon (Lair:6)
  9 golden eyes (Slime:1)
  A harpy simulacrum (Lair:5)
  A naga (Lair:3)
  2 wargs
  2 acid dragons (Lair:6)
  16 water moccasins
  3 black bears
  An ice beast (D:13)
  A sky beast (D:7)
  A swamp drake (Lair:6)
  32 orc warriors
  11 ogres
  A boggart (shapeshifter) (D:13)
  45 wolves
  8 centaurs
  4 lemures (D:7)
  A kobold brigand (D:7)
  15 bullfrogs
  A cane toad simulacrum (Lair:5)
  2 gnoll sergeants
  A necrophage (D:6)
  3 scorpions
  A water moccasin zombie (D:6)
  A wyvern zombie (D:6)
  7 wights
  An elephant simulacrum (Lair:5)
  38 killer bees
  6 howler monkeys
  An electric eel (D:9)
  3 quasits (D:9)
  Crazy Yiuf (D:7)
  2 hounds (D:7)
  3 jellies
  18 orc priests
  10 iguanas
  23 orc wizards
  A troll simulacrum (Lair:5)
  A polar bear simulacrum (Lair:5)
  2 boggart simulacra
  14 adders
  10 gnolls
  A shadow imp (D:6)
  16 white imps
  4 ufetubi
  3 worms
  A dart slug (D:3)
  72 orcs
  4 ball pythons
  4 endoplasms
  3 giant cockroaches
  3 hobgoblins
  7 kobolds
  3 quokkas
  8 bats
  5 frilled lizards
  7 goblins
  4 rats
  3 fulminant prisms
750 creatures vanquished.

Vanquished Creatures (collateral kills)
  A rockslime (Slime:1)
  Nessos (Lair:4)
  A deep elf pyromancer (D:13)
  A deep elf zephyrmancer (D:15)
  A necromancer (D:15)
  An orc sorcerer (Orc:1)
  A yaktaur (D:15)
  A naga (Lair:3)
  4 orc warriors
  A centaur (D:13)
  3 orcs
16 creatures vanquished.

Vanquished Creatures (others)
  14 dancing weapons
  A killer bee (D:10)
  13 demonic plants (D:9)
  293 fulminant prisms
  54 fungi
  65 plants
  3 snaplasher vines (Slime:1)
443 creatures vanquished.

Grand Total: 1209 creatures vanquished

Notes
Turn   | Place    | Note
-------+----------+-------------------------------------------
     0 | D:1      | elite277 the Human Conjurer began the quest for the Orb.
     0 | D:1      | Reached XP level 1. HP: 13/13 MP: 3/3
   299 | D:1      | Reached XP level 2. HP: 19/19 MP: 0/5
   355 | D:1      | Learned a level 2 spell: Searing Ray
   373 | D:1      | Found Xeiwnyta's Magic Scroll Emporium.
   381 | D:1      | Bought a scroll of identify for 24 gold pieces
   686 | D:1      | Found a faded altar of an unknown god.
  1210 | D:1      | Prayed at the altar of an unknown god.
  1210 | D:1      | Became a worshipper of Sif Muna the Loreminder
  1210 | D:1      | Reached * piety under Sif Muna
  1331 | D:1      | Bought a scroll of identify for 24 gold pieces
  1331 | D:1      | Bought a scroll of identify for 24 gold pieces
  1618 | D:2      | Reached XP level 3. HP: 24/24 MP: 6/6
  1753 | D:2      | Found Vachood's Jewellery Emporium.
  1828 | D:2      | Identified the +2 robe of Disaster {rC+ Will+}
  2014 | D:2      | Reached skill level 5 in Conjurations
  2015 | D:2      | Reached XP level 4. HP: 30/30 MP: 2/7
  2227 | D:1      | Bought a scroll of magic mapping for 42 gold pieces
  2316 | D:3      | Reached ** piety under Sif Muna
  2330 | D:3      | Reached XP level 5. HP: 28/35 MP: 0/8
  2639 | D:3      | Found a stormy altar of Qazlal.
  2639 | D:3      | Found a hide-covered altar of Uskayaw.
  3019 | D:3      | Found a snail-covered altar of Cheibriados.
  3190 | D:3      | Found Jiestruoj's Jewellery Emporium.
  3603 | D:4      | Reached skill level 1 in Short Blades
  3603 | D:4      | Reached XP level 6. HP: 41/41 MP: 1/10
  3892 | D:4      | Learned a level 4 spell: Iskenderun's Mystic Blast
  3897 | D:4      | Learned a level 4 spell: Fulminant Prism
  4265 | D:4      | Reached skill level 1 in Hexes
  4411 | D:4      | Found a burning altar of Makhleb.
  4617 | D:5      | Entered Level 5 of the Dungeon
  4629 | D:5      | Reached XP level 7. HP: 46/46 MP: 8/11
  4665 | D:5      | Noticed Eustachio
  4705 | D:5      | Killed Eustachio
  4706 | D:5      | Reached skill level 1 in Translocations
  4885 | D:5      | Reached XP level 8. HP: 26/53 MP: 13/13
  5190 | D:5      | Found a staircase to the Ecumenical Temple.
  5215 | D:5      | Reached skill level 1 in Fighting
  5422 | D:6      | Reached *** piety under Sif Muna
  5577 | D:6      | Found a shimmering altar of Xom.
  5696 | D:6      | Reached skill level 5 in Dodging
  5764 | D:6      | Reached XP level 9. HP: 41/61 MP: 7/15
  6260 | D:6      | Found a basalt altar of Yredelemnul.
  6275 | D:7      | Noticed Maggie
  6301 | D:7      | Killed Maggie
  6644 | D:7      | Found a blossoming altar of Fedhas.
  6724 | D:7      | Found an iron altar of Okawaru.
  6954 | D:7      | Identified the +1 pair of gloves of Good Intentions {rF+}
  7052 | D:7      | Noticed Pikel
  7073 | D:7      | Killed Pikel
  7074 | D:7      | Reached skill level 5 in Spellcasting
  7074 | D:7      | Reached XP level 10. HP: 61/68 MP: 2/17
  7436 | D:7      | Found an opulent altar of Gozag.
  7772 | D:7      | Found a runed translucent door.
  7773 | D:7      | Noticed Crazy Yiuf
  7911 | D:7      | Found a faded altar of an unknown god.
  7912 | D:7      | Found a hazy altar of Hepliaklqana.
  7992 | D:7      | Killed Crazy Yiuf
  8424 | D:8      | Paralysed by a hornet for 1 turns
  8579 | D:8      | Reached **** piety under Sif Muna
  8737 | D:8      | Learned a level 3 spell: Tukima's Dance
  8767 | D:8      | Found a staircase to the Lair.
  9113 | Lair:1   | Entered Level 1 of the Lair of Beasts
  9113 | Lair:1   | Noticed a black mamba
  9122 | Lair:1   | Killed a black mamba
  9135 | Lair:1   | Noticed a cane toad
  9202 | D:8      | Killed a cane toad
  9203 | D:8      | Reached skill level 5 in Short Blades
  9223 | Lair:1   | Reached XP level 11. HP: 67/75 MP: 14/21
  9238 | Lair:1   | Learned a level 4 spell: Hailstorm
  9243 | Lair:1   | Learned a level 4 spell: Cause Fear
  9269 | Lair:1   | Reached skill level 5 in Hexes
  9269 | Lair:1   | Reached skill level 1 in Ice Magic
  9566 | Lair:1   | Found a glowing golden altar of the Shining One.
  9937 | Lair:1   | Noticed a catoblepas
 10044 | Lair:1   | Killed a catoblepas
 10423 | Lair:1   | Reached skill level 10 in Conjurations
 10732 | Lair:2   | Noticed an eight-headed hydra
 11459 | D:9      | Noticed a two-headed ogre
 11466 | D:9      | Killed a two-headed ogre
 11530 | D:9      | Noticed a two-headed ogre
 11537 | D:9      | Killed a two-headed ogre
 11538 | D:9      | Reached XP level 12. HP: 62/84 MP: 9/24
 11720 | D:9      | Found a flagged portal.
 11750 | Bailey   | Entered a bailey
 12415 | Bailey   | Learned a level 3 spell: Dazzling Flash
 12454 | Bailey   | Reached skill level 5 in Fighting
 12454 | Bailey   | Reached skill level 1 in Long Blades
 12937 | D:9      | Found an ancient bone altar of Kikubaaqudgha.
 12944 | D:9      | Noticed a two-headed ogre
 12950 | D:9      | Killed a two-headed ogre
 12991 | D:9      | Noticed a sun demon
 13004 | D:9      | Killed a sun demon
 13296 | D:9      | Noticed a sixfirhy
 13302 | D:9      | Killed a sixfirhy
 13381 | D:9      | Noticed a sixfirhy
 13395 | D:9      | Killed a sixfirhy
 13395 | D:9      | Reached ***** piety under Sif Muna
 13492 | D:9      | Received a gift from Sif Muna
 13493 | D:9      | Got Sif Muna's Catalogue of Battle Magic {god gift}
 13702 | D:9      | Learned a level 4 spell: Sticky Flame
 13731 | D:9      | Noticed a soul eater
 13744 | D:9      | Killed a soul eater
 14166 | D:9      | Reached skill level 1 in Fire Magic
 14211 | D:10     | Entered Level 10 of the Dungeon
 14218 | D:10     | Noticed Fannar
 14292 | D:10     | Found a staircase to the Orcish Mines.
 14304 | D:10     | Noticed Snorg
 14329 | D:10     | Killed Snorg
 14472 | Orc:1    | Entered Level 1 of the Orcish Mines
 14479 | Orc:1    | Reached XP level 13. HP: 80/93 MP: 12/26
 14745 | Orc:1    | Noticed Erolcha
 14749 | Orc:1    | Killed Erolcha
 14750 | Orc:1    | Reached skill level 10 in Spellcasting
 15362 | Orc:2    | Entered Level 2 of the Orcish Mines
 15390 | Orc:1    | Reached skill level 1 in Invocations
 16089 | Orc:2    | Noticed Saint Roka
 16156 | Orc:2    | Found a staircase to the Elven Halls.
 16493 | Orc:2    | Learned a level 4 spell: Olgreb's Toxic Radiance
 17124 | D:10     | Received a gift from Sif Muna
 17127 | D:10     | Got Sif Muna's Volume of Quantum Malediction {god gift}
 17186 | D:10     | Found a white marble altar of Elyvilon.
 17572 | D:10     | Killed Fannar
 18388 | D:11     | Noticed a boulder beetle
 18807 | D:11     | Killed a boulder beetle
 18808 | D:11     | Reached skill level 1 in Poison Magic
 19038 | D:11     | Reached skill level 5 in Translocations
 19365 | D:11     | Learned a level 2 spell: Blink
 20502 | D:12     | Reached XP level 14. HP: 39/101 MP: 13/29
 20731 | D:12     | Identified the ring "Callin" {rN+ rCorr Dex+6}
 21098 | D:12     | Reached skill level 1 in Polearms
 21566 | D:12     | Noticed a frost giant
 23626 | D:13     | Found a gate to the Vaults.
 23670 | D:13     | Identified the +2 ring mail "Ozampi" {rPois Int+3}
 24150 | D:14     | Found Diavosk's Distillery.
 24164 | D:14     | Bought a potion of heal wounds for 75 gold pieces
 24181 | D:14     | Found Maoxalyb's Weapon Shoppe.
 24503 | D:14     | Found Leul's Antique Armour Shop.
 24506 | D:14     | Bought a glowing robe for 133 gold pieces
 24506 | D:14     | Bought a shiny helmet for 270 gold pieces
 24656 | D:15     | Entered Level 15 of the Dungeon
 25028 | D:14     | Learned a level 5 spell: Summon Forest
 25390 | D:15     | Reached skill level 1 in Summonings
 25488 | D:15     | Received a gift from Sif Muna
 25491 | D:15     | Got Sif Muna's Guide on the Scorching Entourage {god gift}
 25927 | D:15     | Reached XP level 15. HP: 107/107 MP: 16/31
 26357 | D:15     | Reached skill level 5 in Polearms
 26738 | D:15     | Found a staircase to the Depths.
 26900 | Depths:1 | Entered Level 1 of the Depths
 26900 | Depths:1 | Noticed a tengu reaver
 26900 | Depths:1 | Noticed a fire giant
 27845 | Temple   | Entered the Ecumenical Temple
 29289 | Lair:3   | Found a transporter.
 29314 | Lair:3   | Identified the +0 leather armour "Suupos" {-Tele Fly rC+
                  | Will++}
 29343 | Lair:3   | Found a staircase to the Snake Pit.
 29581 | Lair:3   | Noticed Zebulonius's ghost (journeyman MiFi)
 29585 | Lair:3   | Found a transporter.
 29706 | Lair:3   | Found a gate leading to a gauntlet.
 29870 | Lair:3   | Identified the +8 scale mail of Trial and Error {rElec
                  | Str+4}
 30233 | Lair:4   | Noticed Nessos
 30241 | Lair:4   | Killed Nessos
 30384 | Lair:4   | Found a staircase to the Shoals.
 30529 | Lair:4   | Noticed Kirke
 30540 | Lair:4   | Killed Kirke
 30541 | Lair:4   | Reached skill level 1 in Armour
 30716 | Lair:4   | Found a white marble altar of Elyvilon.
 31989 | Lair:5   | Received a gift from Sif Muna
 32000 | Lair:5   | Reached skill level 5 in Poison Magic
 33006 | Lair:6   | Entered Level 6 of the Lair of Beasts
 33012 | Lair:6   | Reached XP level 16. HP: 115/115 MP: 19/32
 33031 | Lair:6   | Reached skill level 1 in Evocations
 33578 | Lair:6   | Received a gift from Sif Muna
 33610 | Lair:6   | Got Sif Muna's Handbook of Confrontation {god gift}
 33639 | Lair:6   | Learned a level 5 spell: Iskenderun's Battlesphere
 33789 | Lair:6   | Found a viscous altar of Jiyva.
 33790 | Lair:6   | Found a staircase to the Slime Pits.
 36714 | Lair:6   | Upgraded the game from 0.29-a0-775-g4d7333d4e2 to
                  | 0.29-a0-789-g7a8fcbc185
 36875 | Slime:1  | Entered Level 1 of the Pits of Slime
 36914 | Slime:1  | Gained mutation: Armour fits poorly on your strangely
                  | shaped body. [a shining eye]
 36915 | Slime:1  | Gained mutation: You are clumsy. (Dex -2) [a shining eye]
 36921 | Slime:1  | Noticed an acid blob
 36922 | Slime:1  | Reached skill level 5 in Armour
 36929 | Slime:1  | Killed an acid blob
 36929 | Slime:1  | Noticed an azure jelly
 36989 | Slime:1  | Noticed an acid blob
 36998 | Slime:1  | Killed an acid blob
 37001 | Slime:1  | Noticed an acid blob
 37002 | Slime:1  | Received a gift from Sif Muna
 37002 | Slime:1  | Killed an azure jelly
 37013 | Slime:1  | Killed an acid blob
 37211 | Slime:1  | Noticed a rockslime
 37258 | Slime:1  | Gained mutation: You have hidden genetic defects. [a
                  | shining eye]
 37430 | Slime:1  | Killed a rockslime
 37877 | Slime:2  | Noticed an acid blob
 37878 | Slime:2  | Noticed a rockslime
 37887 | Slime:1  | HP: 1/116 [drowned by a quicksilver ooze (8)]
 37888 | Slime:1  | Reached XP level 17. HP: 2/122 MP: 0/34
 37888 | Slime:1  | Drowned by a quicksilver ooze

Illustrated notes

Levels and vault maps discovered:
D:1:      wander_arrival_peaceful_grave, layout_basic, serial_shops, shop,
          hellmonk_ecumenical_altar_inner_sanctum
D:2:      layout_rooms, serial_shops, nicolae_shop_waterfront, serial_rivers,
          chequers_serial_rivers_micro_b, chequers_serial_rivers_small_a,
          chequers_serial_rivers_micro_a, chequers_serial_rivers_marsh,
          chequers_serial_rivers_micro_b, grunt_decor_one_mirror,
          wander_ebering_terrifying_dragon_lair
D:3:      minmay_angry_zag, layout_loops_ring, mainiacjoe_overflow_alcove_1,
          gammafunk_temple_overflow_elements, serial_shops, shop
D:4:      layout_layer_cave, lightli_temple_of_fire
D:5:      layout_cave_pools, minmay_temple_entry_tees, uniq_eustachio
D:6:      layout_loops_ring, xom_teletrap_fun, lemuel_zombie_altar_yredelemnul,
          kennysheep_potato
D:7:      layout_layer_cave, fedhas_bush_and_centaur_altar,
          beargit_hepliaklqana_dungeon_heroes, okawaru_gym_becter,
          marbit_many_paths, uniq_pikel, uniq_crazy_yiuf_cottage, uniq_maggie
D:8:      layout_gridville, lair_entry_dummy, nicolae_figureground_sparkle
D:9:      layout_irregular_city, nicolae_kikubaaqudgha_miasma_corner,
          enter_bailey_2, serial_demonic, serial_demonic_f, serial_demonic_b,
          serial_demonic_d, serial_demonic_g, serial_demonic_f,
          serial_demonic_b, serial_demonic_a, serial_demonic_b,
          hangedman_abyss_or_decor_clamps, kennysheep_another_room,
          kennysheep_generic_room_5
D:10:     layout_irregular_city, mainiacjoe_overflow_boulevard, orc_0_dummy,
          serial_column_ruins, column_ruins_square_medium,
          column_ruins_courtyard_long, column_ruins_grid_1,
          column_ruins_open_tiny_water, column_ruins_open_tiny,
          column_ruins_corridor_straight, lemuel_flamethrower_2, uniq_snorg,
          uniq_fannar
D:11:     layout_loops_cross
D:12:     minmay_the_grid_octo_triangle [minmay_the_grid_octo_pinwheel,
          minmay_the_grid_octo_prize_single_spiral,
          minmay_the_grid_octo_clover_2], layout_basic, kennysheep_just_a_vault
D:13:     layout_big_octagon, serial_ice, serial_ice_a, serial_ice_f,
          serial_ice_n, serial_ice_h, portal_ice_cave_entry_imps
D:14:     layout_loops_ring, serial_shops, kennysheep_mini_moat,
          nicolae_shop_window_shopping, nicolae_shop_bloodbath_and_beyond,
          chequers_jeans
D:15:     grunt_enter_depths_magical_seal, layout_loops_ring,
          grunt_decor_junction
Temple:   hellmonk_temple_micro_hex
Lair:1:   layout_hall_layers, basic_altar, lemuel_fruit_fields
Lair:2:   layout_hall_layers, special_room [special_room_bee]
Lair:3:   layout_regular_city, minmay_snake_entry_guardpost_small,
          gauntlet_entry_generic, gammafunk_ghost_berserking_beasts,
          infiniplex_staircase_pool
Lair:4:   layout_misc_corridors, elwin_shoals_entry_rocks, basic_altar,
          uniq_kirke, uniq_nessos
Lair:5:   dreamdust_isle_of_ice, layout_loops_ring, grunt_megastairs_2
Lair:6:   guppyfry_lair_end_dragon, layout_regular_city,
          hangedman_lair_in_review, slime_entry_1, enter_volcano_1
Slime:1:  layout_caves
Slime:2:  layout_caves, nicolae_slime_round_cave
Orc:1:    layout_caves, uniq_erolcha
Orc:2:    st_orc_congregation, layout_caves, uniq_saint_roka
Depths:1: layout_cave_shapes, abyss_entry_crystal, minmay_misc_feat_x,
          hell_entry, dreamdust_wasp_nest, grunt_megastairs_5,
          serial_bayou_shore_b

Skill      XL: |  1  2  3  4  5  6  7  8  9 10 11 12 13 14 15 16 |
---------------+-------------------------------------------------+-----
Conjurations   | 5 6 8 9 10 11 12 13 | 13.5
Short Blades   | 1 2 3 4 5 |  5.6
Spellcasting   | 3 4 5 6 8 9 11 12 13 | 13.7
Dodging        | 3 5 6 7 8 9 |  9.6
Hexes          | 1 2 3 4 5 7 8 9 |  9.6
Translocations | 1 2 3 4 5 6 |  6.5
Fighting       | 1 2 3 4 5 6 7 |  7.8
Ice Magic      | 2 |  2.1
Long Blades    | 1 |  1.5
Fire Magic     | 1 2 3 |  3.0
Invocations    | 3 |  3.0
Poison Magic   | 2 4 5 |  5.6
Polearms       | 4 7 |  7.1
Summonings     | 1 4 |  4.8
Armour         | 2 5 |  5.7
Evocations     | 1 |  1.1
Throwing       | |  0.2
Stealth        | |  2.0

Action                   |  1- 3 |  4- 6 |  7- 9 | 10-12 | 13-15 | 16-18 || total
-------------------------+-------+-------+-------+-------+-------+-------++-------
Melee: Dagger            |     3 |    83 |   115 |   109 |   102 |       ||   412
       Punch             |       |     2 |     1 |     1 |     2 |       ||     6
       Long sword        |       |       |       |    30 |       |       ||    30
       Halberd           |       |       |       |       |   314 |   206 ||   520
Throw: Dart              |       |       |       |       |     8 |       ||     8
 Cast: Magic Dart        |    40 |    54 |    44 |    88 |   143 |    89 ||   458
       Searing Ray       |     3 |     7 |    28 |    45 |    86 |    17 ||   186
       Iskenderun's Myst |       |       |     3 |    48 |   128 |    42 ||   221
       Fulminant Prism   |       |       |     8 |   101 |   160 |    28 ||   297
       Cause Fear        |       |       |       |     3 |     2 |     2 ||     7
       Hailstorm         |       |       |       |     1 |       |       ||     1
       Tukima's Dance    |       |       |       |    24 |    69 |       ||    93
       Dazzling Flash    |       |       |       |     1 |     5 |     6 ||    12
       Sticky Flame      |       |       |       |       |    22 |     1 ||    23
       Blink             |       |       |       |       |     3 |     3 ||     6
       Olgreb's Toxic Ra |       |       |       |       |    28 |    18 ||    46
       Iskenderun's Batt |       |       |       |       |       |    17 ||    17
       Summon Forest     |       |       |       |       |       |     2 ||     2
Invok: Forget Spell      |       |       |       |       |     1 |       ||     1
Evoke: Wand              |       |       |       |     1 |    18 |     1 ||    20
       Lightning rod     |       |       |       |       |     1 |     6 ||     7
  Use: Scroll            |     4 |     7 |     5 |     9 |    21 |     4 ||    50
       Potion            |       |       |     1 |    10 |     8 |     5 ||    24
 Stab: Sleeping          |     1 |     2 |     2 |       |     3 |       ||     8
       Invisible         |       |       |       |     2 |       |     2 ||     4
       Distracted        |       |       |       |       |     2 |       ||     2
Armor: Robe              |     5 |    41 |    96 |   158 |   244 |       ||   544
       Scale mail        |       |       |       |       |   173 |   299 ||   472
Dodge: Dodged            |     8 |    51 |   142 |   243 |   633 |   293 ||  1370

Table legend: (Time is in decaauts)
 A = Elapsed time spent in this place.
 B = Non-inter-level travel time spent in this place.
 C = Inter-level travel time spent in this place.
 D = Time resting spent in this place.
 E = Time spent auto-exploring this place.
 F = Levels seen in this place.
 G = Mean time per level.
                   A        B        C        D        E       F      G
               +--------+--------+--------+--------+--------+-----+--------+
         Total |  37961 |  35196 |   2765 |  12253 |  11503 |  28 | 1355.8 |
       Dungeon |  22678 |  20316 |   2362 |   6482 |   7139 |  15 | 1511.9 |
        Temple |      1 |      1 |      0 |      0 |      0 |   1 |    1.0 |
          Lair |  10767 |  10537 |    230 |   3738 |   3744 |   6 | 1794.5 |
    Slime Pits |    975 |    951 |     24 |    368 |    271 |   2 |  487.5 |
  Orcish Mines |   2533 |   2384 |    149 |   1144 |    312 |   2 | 1266.5 |
        Depths |      1 |      1 |      0 |      0 |      0 |   1 |    1.0 |
        Bailey |   1003 |   1003 |      0 |    520 |     37 |   1 | 1003.0 |
               +--------+--------+--------+--------+--------+-----+--------+

Top non-repeatable levels by time:
    D:12: 3637 daAuts
  Lair:6: 3549 daAuts
  Lair:5: 2546 daAuts
    D:10: 2002 daAuts
    D:15: 1935 daAuts
   Orc:1: 1682 daAuts
  Lair:1: 1681 daAuts
     D:7: 1606 daAuts
     D:8: 1597 daAuts
     D:9: 1561 daAuts
     D:1: 1374 daAuts
     D:3: 1371 daAuts
  Lair:2: 1345 daAuts
     D:4: 1299 daAuts
     D:6: 1261 daAuts
